Selects Italian Combined Arms Battlegroup
Selects Bersaglieri Squad
Kradschützen Motorcycle Team
Construct Light Support Kompanie
Selects Bersaglieri Bolster
Selects Bersaglieri Bolster
le.IG 18 Support Gun Team
Selects Semovente da 75/18 Assault Gun
Semovente da 75/18 Assault Gun
Selects Carro Armato M13/40 Light Tank
Carro Armato M13/40 Light Tank
Carro Armato M13/40 Light Tank
Construct Panzerarmee Kommand
Flak 36 Anti-tank Gun Team
Flak 36 Anti-tank Gun Team
Selects Breda Model 30 Light Machine Guns